 Dungeon Crawl Stone Soup version 0.30-a0-292-g0f741e3f8e (webtiles) character file.

Game seed: 11650481624709455347

44 Flugkiller the Cutter (level 3, -6/27 HPs)
             Began as a Demonspawn Gladiator on Oct 17, 2022.
             Mangled by Sigmund
             ... wielding a +0 scythe
              (8 damage)
             ... on level 2 of the Dungeon.
             The game lasted 00:01:08 (1239 turns).

Flugkiller the Cutter (Demonspawn Gladiator)        Turns: 1239, Time: 00:01:09

Health: -6/27      AC:  9    Str: 14    XL:     3   Next: 39%
Magic:  0/3        EV: 12    Int:  9    God:
Gold:   75         SH:  3    Dex: 16    Spells: 2/2 levels left

rFire   . . .      SeeInvis .    a - +0 rapier
rCold   . . .      Faith    .    j - +0 buckler
rNeg    . . .      Spirit   +    b - +0 leather armour
rPois   .          Reflect  .    c - +0 helmet
rElec   .          Harm     .    g - +0 cloak
rCorr   .          Rampage  .    (no gloves)
Will    .....                    (no boots)
Stlth   +.........               f - amulet of guardian spirit
HPRegen 0.24/turn                p - +4 ring of protection
MPRegen 0.08/turn                (no ring)

@: mighty, hasted, very quick
A: foul stench 1
a: no special abilities


You were on level 2 of the Dungeon.
You visited 1 branch of the dungeon, and saw 2 of its levels.

You collected 75 gold pieces.

Inventory:

Hand Weapons
 a - a +0 rapier (weapon)
Missiles
 d - 3 throwing nets (quivered)
 e - a javelin
Armour
 b - a +0 leather armour (worn)
 c - a +0 helmet (worn)
 g - a +0 cloak (worn)
   (You found it on level 1 of the Dungeon)
 j - a +0 buckler (worn)
   (You found it on level 1 of the Dungeon)
Jewellery
 f - an amulet of guardian spirit (around neck)
   (You found it on level 1 of the Dungeon)
 p - a +4 ring of protection (left hand)
   (You found it on level 1 of the Dungeon)
Scrolls
 m - a scroll of blinking {unknown}
 n - a scroll of immolation {unknown}
 o - a scroll of amnesia {unknown}
Potions
 h - a potion of haste
 q - a potion of curing {unknown}
 r - a potion of lignification {unknown}


   Skills:
 - Level 2.0 Fighting
 + Level 4.1 Short Blades
 - Level 1.7 Throwing
 - Level 2.6 Dodging


You had 2 spell levels left.
You didn't know any spells.
Your spell library was empty.

Dungeon Overview and Level Annotations

Branches:
Dungeon (2/15) Zot: 10759

Altars:

Annotations:
D:2 Sigmund


Innate Abilities, Weirdness & Mutations

You may rarely emit foul miasma when damaged in melee.


Message History

The goblin closely misses you.
You hit the goblin but do no damage.
The goblin is severely wounded.
The goblin hits you but does no damage.
You are poisoned.
You hit the goblin.
You kill the goblin!
You feel sick.
You hit the kobold.
The kobold is severely wounded.
You feel sick. You block the kobold's attack.
You barely miss the kobold.
The kobold is severely wounded.
You feel sick. The kobold hits you but does no damage.
A kobold is nearby!
You hit the kobold but do no damage.
The kobold is severely wounded.
You feel sick. The kobold completely misses you.
You hit the kobold.
You kill the kobold!
You feel sick.
No target in view!
You feel sick.
Things that are here:
a +0 short sword; a +0 dagger of venom; a kobold corpse No target in view!
You feel sick.
You are no longer poisoned.
Things that are here:
a +0 short sword; a +0 dagger of venom; a kobold corpse You start resting.
HP restored.
You see here a +0 short sword.
Found a stone staircase leading down.
A frilled lizard comes into view.
Found a dagger.
The frilled lizard hisses angrily.
A frilled lizard is nearby!
A kobold comes into view. It is wielding a +0 short sword.
The kobold shouts!
The kobold moves out of view.
The frilled lizard hisses.
You hit the frilled lizard.
You kill the frilled lizard!
The kobold misses you.
You hit the kobold.
You kill the kobold!
No target in view!
No target in view!
No target in view!
No target in view!
No target in view!
No target in view!
No target in view!
Things that are here:
a +0 short sword; a frilled lizard corpse
r - a coppery potion
Found a ring mail.
Sigmund the Dreaded comes into view.
He is wielding a +0 scythe.
Sigmund shouts!
Sigmund closely misses you.
You closely miss Sigmund. You hit Sigmund but do no damage.
Sigmund casts a spell.
Sigmund flickers and vanishes!
Deactivating autopickup; reactivate with Ctrl-A.
No target in view!
No target in view!
No target in view!
You hit something but do no damage.
You hear some strange, mumbled words.
A puff of flame appears from out of thin air!
The puff of flame hits you!
You closely miss something. Something hits you.
It was a potion of haste.
You feel yourself speed up.
h - a potion of haste
f - an amulet of guardian spirit (around neck)
Something hits you but does no damage.
Okay, then.
You hit something. You puncture something! Something hits you!
You barely miss something.
As you read the scroll labelled QUASIO REMASH, it crumbles to dust.
You hear a loud clanging noise!
It was a scroll of noise.
You hear a shout! x3
Something hits you.
* * * LOW HITPOINT WARNING * * *
Unknown command.
It was a potion of magic.
Magic courses through your body.
It was a potion of might.
You feel very mighty all of a sudden. Something hits you!
* * * LOW HITPOINT WARNING * * *
You closely miss something. You closely miss something.
You closely miss something. Something barely misses you.
You closely miss something. You miss something. Something hits you!
You die...

#######. #.. ## ..# #
#.# # ### #.#
.#########..
#.####............
#######.##..... ........
......{..[.######.###.).
#@.......##.##....
########..........
#.##.##.... #.##.###...
#.##.# ##.# #.##.# #..
#..... ### #..### #..


There were no monsters in sight!

Vanquished Creatures
  A worm (D:2)
  A dart slug (D:2)
  3 endoplasms (D:1)
  3 hobgoblins (D:1)
  3 jackals (D:1)
  7 kobolds
  3 ball pythons
  5 bats (D:1)
  2 frilled lizards
  5 goblins
  2 rats
35 creatures vanquished.

Notes
Turn   | Place    | Note
-------+----------+-------------------------------------------
     0 | D:1      | Flugkiller the Demonspawn Gladiator began the quest for the
                  | Orb.
     0 | D:1      | Reached XP level 1. HP: 16/16 MP: 1/1
    52 | D:1      | Reached skill level 3 in Short Blades
   104 | D:1      | Gained mutation: You may rarely emit foul miasma when
                  | damaged in melee. [demonic ancestry]
   104 | D:1      | Reached XP level 2. HP: 22/22 MP: 2/2
   936 | D:2      | Reached XP level 3. HP: 27/27 MP: 3/3
   995 | D:2      | Reached skill level 4 in Short Blades
  1220 | D:2      | Noticed Sigmund
  1234 | D:2      | HP: 1/27 [something (6)]
  1239 | D:2      | Mangled by Sigmund

Illustrated notes

Levels and vault maps discovered:
D:1:      ebering_trefoil_twist, layout_basic
D:2:      layout_loops_ring, uniq_sigmund

Skill      XL: |  1  2  3 |
---------------+----------+-----
Short Blades   | 3 4 |  4.1
Fighting       | |  2.0
Throwing       | |  1.7
Dodging        | |  2.6

Action                   || total
-------------------------++-------
Melee: Rapier            ||    94
  Use: Potion            ||     3
       Scroll            ||     1
Armor: Leather armour    ||    26
Dodge: Dodged            ||    52
Block: Buckler           ||     6

Table legend: (Time is in decaauts)
 A = Elapsed time spent in this place.
 B = Non-inter-level travel time spent in this place.
 C = Inter-level travel time spent in this place.
 D = Time resting spent in this place.
 E = Time spent auto-exploring this place.
 F = Levels seen in this place.
 G = Mean time per level.
                   A        B        C        D        E       F      G
               +--------+--------+--------+--------+--------+-----+--------+
         Total |   1239 |   1196 |     43 |     74 |    873 |   2 |  619.5 |
       Dungeon |   1239 |   1196 |     43 |     74 |    873 |   2 |  619.5 |
               +--------+--------+--------+--------+--------+-----+--------+

Top non-repeatable levels by time:
     D:1: 936 daAuts
     D:2: 303 daAuts
